[ PARTIDA AOE2 · #478207516 ]
1v1 RMFrancos vs Italians
Equipo del jugador · DERR
Equipo rival · VICT
[ ANÁLISIS DE REPETICIÓN · EXTRAÍDO DE LA PARTIDA GRABADA ]
Feudal
14:32
Castillos
24:06
Imperial
35:38
| APM promedio | 10.7 |
| APM pico | 32 |
| eAPM promedio | 8.3 |
| Aldeanos / militares | 51 / 2 |
Foco
⚔️ 18.0% · 🌾 82.0%
Archer ×2
Feudal
13:53
Castillos
25:16
Imperial
32:23
| APM promedio | 8.8 |
| APM pico | 28 |
| eAPM promedio | 7.7 |
| Aldeanos / militares | 52 / 53 |
Foco
⚔️ 31.2% · 🌾 68.8%
Skirmisher ×14 · Genoese Crossbowman ×11 · Spearman ×10 · Knight ×8 · Archer ×4 · Trebuchet (Packed) ×3
Mapa de la partida
Recursos iniciales + cada clic de construcción. Líneas = muros · curvas = relieve. ◆ oro · ⬟ piedra · ● bayas · ✦ reliquia · ◌ hueco del cierre
Tu base· Abierta — hueco de 5t
Base de caly· Abierta — flanco sin cerrar
Terreno inicial suavizado · ◌ = hueco del cierre detectado · pasá el cursor para detalles
Inputs por minuto
— azel010682 - - caly
Build order — azel010682
112 acciones detectadas en el replay
| 0:48 | Construir | Town Center |
| 2:25 | Construir | House |
| 2:44 | Crear | Villager (Male) |
| 2:48 | Crear | Villager (Male) |
| 3:35 | Crear | Villager (Male) |
| 3:37 | Crear | Villager (Male) |
| 3:44 | Construir | House |
| 3:50 | Crear | Villager (Male) |
| 4:28 | Crear | Villager (Male) |
| 5:32 | Crear | Villager (Male) |
| 6:04 | Crear | Villager (Male) |
| 6:28 | Crear | Villager (Male) |
| 6:47 | Crear | Villager (Male) |
| 6:48 | Crear | Villager (Male) |
| 6:49 | Crear | Villager (Male) |
| 7:32 | Crear | Villager (Male) |
| 8:04 | Crear | Villager (Male) |
| 8:05 | Crear | Villager (Male) |
| 8:18 | Construir | House |
| 8:40 | Construir | House |
| 9:12 | Crear | Villager (Male) |
| 9:12 | Crear | Villager (Male) |
| 9:40 | Construir | Mill |
| 10:01 | Crear | Villager (Male) |
| 11:07 | Investigar | Loom |
| 11:53 | Construir | Lumber Camp |
| 11:55 | Crear | Villager (Male) |
| 12:22 | Investigar | Feudal Age |
| 13:07 | Construir | Farm |
| 13:13 | Construir | Farm |
| 13:18 | Construir | Farm |
| 13:24 | Construir | Farm |
| 13:28 | Construir | Farm |
| 13:37 | Construir | Farm |
| 13:54 | Construir | Farm |
| 14:02 | Construir | House |
| 14:10 | Construir | Farm |
| 14:32 | Edad | Edad Feudal |
| 14:39 | Construir | Farm |
| 14:42 | Investigar | Wheelbarrow |
| 14:43 | Crear | Villager (Male) |
| 14:55 | Investigar | Double-Bit Axe |
| 16:50 | Crear | Villager (Male) |
| 16:50 | Crear | Villager (Male) |
| 17:09 | Construir | Mining Camp |
| 17:16 | Crear | Villager (Male) |
| 17:29 | Construir | Lumber Camp |
| 17:49 | Construir | Blacksmith |
| 18:03 | Crear | Villager (Male) |
| 18:11 | Investigar | Town Watch |
| 18:17 | Investigar | Gold Mining |
| 18:41 | Crear | Villager (Male) |
| 18:52 | Construir | Barracks |
| 18:59 | Crear | Villager (Male) |
| 19:32 | Crear | Villager (Male) |
| 19:33 | Crear | Villager (Male) |
| 20:20 | Construir | House |
| 20:44 | Construir | Archery Range |
| 21:10 | Construir | Farm |
| 21:26 | Investigar | Castle Age |
| 21:57 | Construir | Farm |
| 22:16 | Investigar | Fletching |
| 24:06 | Edad | Edad de los Castillos |
| 24:09 | Investigar | Hand Cart |
| 24:13 | Investigar | Bow Saw |
| 24:18 | Investigar | Stone Mining |
| 24:59 | Construir | Lumber Camp |
| 25:15 | Crear | Villager (Male) |
| 25:16 | Crear | Villager (Male) |
| 26:24 | Crear | Villager (Male) |
| 26:24 | Crear | Villager (Male) |
| 26:50 | Construir | House |
| 27:07 | Crear | Villager (Male) |
| 27:23 | Crear | Villager (Male) |
| 27:45 | Construir | Town Center |
| 28:04 | Crear | Villager (Male) |
| 28:23 | Crear | Villager (Male) |
| 29:18 | Construir | Farm |
| 29:20 | Crear | Villager (Male) |
| 29:21 | Crear | Villager (Male) |
| 29:26 | Crear | Villager (Male) |
| 29:26 | Crear | Villager (Male) |
| 29:27 | Crear | Villager (Male) |
| 29:27 | Crear | Villager (Male) |
| 29:30 | Crear | Villager (Male) |
| 29:40 | Construir | Farm |
| 30:08 | Construir | Lumber Camp |
| 30:17 | Construir | Farm |
| 30:47 | Construir | Monastery |
| 30:53 | Construir | House |
| 30:57 | Construir | House |
| 31:10 | Construir | Farm |
| 31:44 | Construir | University |
| 32:07 | Investigar | Gold Shaft Mining |
| 32:20 | Crear | Villager (Male) |
| 32:28 | Investigar | Imperial Age |
| 32:41 | Crear | Villager (Male) |
| 32:42 | Crear | Villager (Male) |
| 32:58 | Investigar | Bodkin Arrow |
| 33:27 | Investigar | Murder Holes |
| 33:43 | Construir | Farm |
| 33:46 | Crear | Villager (Male) |
| 33:47 | Crear | Villager (Male) |
| 34:46 | Investigar | Ballistics |
| 34:51 | Crear | Archer |
| 34:51 | Crear | Archer |
| 34:52 | Investigar | Crossbowman (upgrade) |
| 35:25 | Construir | Stable |
| 35:29 | Crear | Villager (Male) |
| 35:38 | Edad | Edad Imperial |
| 35:45 | Crear | Villager (Male) |
| 36:07 | Crear | Villager (Male) |
Build order — caly
Primeras 150 de 176 acciones detectadas
| 1:01 | Construir | Town Center |
| 1:26 | Construir | House |
| 2:50 | Crear | Villager (Male) |
| 2:50 | Crear | Villager (Male) |
| 2:51 | Crear | Villager (Male) |
| 2:51 | Crear | Villager (Male) |
| 3:20 | Construir | House |
| 3:51 | Construir | House |
| 3:57 | Crear | Villager (Male) |
| 4:04 | Construir | House |
| 4:59 | Construir | Mill |
| 5:03 | Crear | Villager (Male) |
| 5:16 | Crear | Villager (Male) |
| 5:32 | Crear | Villager (Male) |
| 6:14 | Crear | Villager (Male) |
| 6:16 | Crear | Villager (Male) |
| 6:53 | Crear | Villager (Male) |
| 7:05 | Crear | Villager (Male) |
| 7:42 | Crear | Villager (Male) |
| 8:14 | Crear | Villager (Male) |
| 8:15 | Crear | Villager (Male) |
| 8:26 | Crear | Villager (Male) |
| 9:34 | Crear | Villager (Male) |
| 10:02 | Crear | Villager (Male) |
| 10:02 | Crear | Villager (Male) |
| 10:21 | Construir | Mining Camp |
| 10:37 | Crear | Villager (Male) |
| 11:13 | Construir | House |
| 11:40 | Construir | House |
| 11:43 | Investigar | Feudal Age |
| 12:20 | Construir | House |
| 13:10 | Construir | Mining Camp |
| 13:16 | Crear | Villager (Male) |
| 13:16 | Crear | Villager (Male) |
| 13:17 | Crear | Villager (Male) |
| 13:17 | Crear | Villager (Male) |
| 13:17 | Crear | Villager (Male) |
| 13:42 | Construir | Lumber Camp |
| 13:53 | Edad | Edad Feudal |
| 14:18 | Construir | Barracks |
| 14:29 | Construir | Farm |
| 14:48 | Construir | Farm |
| 14:54 | Investigar | Double-Bit Axe |
| 15:19 | Construir | Stable |
| 15:51 | Construir | House |
| 15:55 | Construir | House |
| 15:56 | Construir | House |
| 15:58 | Construir | House |
| 16:01 | Crear | Villager (Male) |
| 16:01 | Crear | Villager (Male) |
| 16:15 | Construir | Archery Range |
| 16:19 | Crear | Scout Cavalry |
| 16:20 | Crear | Scout Cavalry |
| 16:25 | Construir | Farm |
| 16:32 | Construir | Farm |
| 16:36 | Construir | Farm |
| 16:44 | Construir | Farm |
| 17:05 | Construir | Farm |
| 17:18 | Construir | Farm |
| 17:25 | Crear | Villager (Male) |
| 17:45 | Construir | Farm |
| 17:49 | Construir | Farm |
| 17:52 | Construir | Farm |
| 17:55 | Crear | Villager (Male) |
| 18:23 | Construir | House |
| 18:28 | Construir | House |
| 18:29 | Construir | House |
| 18:31 | Construir | House |
| 18:44 | Crear | Villager (Male) |
| 18:45 | Crear | Villager (Male) |
| 18:55 | Construir | Watch Tower |
| 19:29 | Crear | Villager (Male) |
| 19:29 | Crear | Villager (Male) |
| 19:45 | Construir | Farm |
| 19:52 | Construir | Farm |
| 20:00 | Construir | Watch Tower |
| 20:04 | Crear | Villager (Male) |
| 20:04 | Crear | Villager (Male) |
| 20:22 | Construir | House |
| 20:31 | Construir | House |
| 20:45 | Construir | House |
| 21:11 | Construir | Farm |
| 21:15 | Construir | Mill |
| 21:27 | Construir | House |
| 21:41 | Crear | Villager (Male) |
| 21:42 | Crear | Villager (Male) |
| 21:57 | Construir | Farm |
| 22:31 | Crear | Villager (Male) |
| 22:36 | Investigar | Castle Age |
| 23:12 | Crear | Villager (Male) |
| 23:13 | Crear | Villager (Male) |
| 23:14 | Crear | Villager (Male) |
| 23:14 | Crear | Villager (Male) |
| 23:15 | Crear | Villager (Male) |
| 23:43 | Investigar | Gold Mining |
| 23:56 | Investigar | Horse Collar |
| 24:16 | Crear | Archer |
| 24:16 | Crear | Archer |
| 24:17 | Crear | Archer |
| 24:17 | Crear | Archer |
| 24:43 | Construir | Blacksmith |
| 25:16 | Edad | Edad de los Castillos |
| 26:11 | Construir | Lumber Camp |
| 26:22 | Crear | Villager (Male) |
| 26:43 | Construir | Monastery |
| 27:27 | Investigar | Husbandry |
| 27:41 | Construir | Castle |
| 27:48 | Crear | Monk |
| 27:56 | Investigar | Thumb Ring |
| 28:00 | Crear | Villager (Male) |
| 28:01 | Crear | Villager (Male) |
| 29:13 | Investigar | Imperial Age |
| 29:17 | Crear | Skirmisher |
| 29:18 | Crear | Skirmisher |
| 29:18 | Crear | Skirmisher |
| 29:18 | Crear | Skirmisher |
| 29:19 | Crear | Skirmisher |
| 29:19 | Crear | Skirmisher |
| 29:19 | Crear | Skirmisher |
| 29:20 | Crear | Skirmisher |
| 29:20 | Crear | Skirmisher |
| 29:20 | Crear | Skirmisher |
| 29:22 | Crear | Skirmisher |
| 29:22 | Crear | Skirmisher |
| 29:22 | Crear | Skirmisher |
| 29:23 | Crear | Skirmisher |
| 29:30 | Crear | Genoese Crossbowman |
| 29:30 | Crear | Genoese Crossbowman |
| 29:39 | Crear | Genoese Crossbowman |
| 30:16 | Investigar | Bloodlines |
| 30:30 | Investigar | Pikeman (upgrade) |
| 30:32 | Investigar | Squires |
| 30:59 | Construir | Town Center |
| 31:08 | Investigar | Town Watch |
| 31:11 | Crear | Villager (Male) |
| 31:12 | Crear | Villager (Male) |
| 31:50 | Crear | Spearman |
| 31:51 | Crear | Spearman |
| 31:54 | Investigar | Arson |
| 31:56 | Crear | Spearman |
| 31:56 | Crear | Spearman |
| 32:12 | Investigar | Bow Saw |
| 32:23 | Edad | Edad Imperial |
| 32:26 | Crear | Trebuchet (Packed) |
| 32:37 | Crear | Knight |
| 32:37 | Crear | Knight |
| 32:37 | Crear | Knight |
| 32:48 | Construir | Farm |
| 32:53 | Crear | Villager (Male) |
| 32:56 | Crear | Villager (Male) |
Cronología de la partida
| 13:53 | caly · age_up feudal |
| 14:18 | caly · first_building Barracks |
| 14:32 | azel010682 · age_up feudal |
| 15:19 | caly · first_building Stable |
| 16:15 | caly · first_building Archery Range |
| 18:52 | azel010682 · first_building Barracks |
| 20:44 | azel010682 · first_building Archery Range |
| 24:06 | azel010682 · age_up castle |
| 25:16 | caly · age_up castle |
| 26:43 | caly · first_building Monastery |
| 27:41 | caly · first_building Castle |
| 30:47 | azel010682 · first_building Monastery |
| 32:23 | caly · age_up imperial |
| 35:25 | azel010682 · first_building Stable |
| 35:38 | azel010682 · age_up imperial |
| 36:18 | azel010682 · resign |
[ ANÁLISIS IA · 1 CRÉDITO ]
¿Qué pasó realmente en esta partida?
Wolo.gg analiza cada decisión: build order, eco, micro, errores típicos por bracket. Análisis personalizado por WhatsApp o Discord en 30 segundos.
Guía civ
Francos
Guía mapa
Nomad
Perfil
azel010682